 Dungeon Crawl Stone Soup version 0.29.1-1-gd02db69 (webtiles) character file.

Game seed: 12703805606858592856

53 Dorkslayer the Trooper (level 3, 0/33 HPs)
             Began as a Hill Orc Fighter on Oct 18, 2022.
             Slain by Sigmund
             ... wielding a +3 scythe
              (11 damage)
             ... on level 2 of the Dungeon.
             The game lasted 00:02:33 (1141 turns).

Dorkslayer the Trooper (Hill Orc Fighter)           Turns: 1141, Time: 00:02:33

Health: 0/33       AC:  6    Str: 20    XL:     3   Next: 87%
Magic:  3/3        EV:  9    Int:  8    God:
Gold:   136        SH:  4    Dex: 10    Spells: 2/2 levels left

rFire   . . .      SeeInvis .   a - +0 war axe
rCold   . . .      Faith    .   c - +0 buckler
rNeg    . . .      Spirit   .   b - +0 scale mail
rPois   .          Reflect  .   (no helmet)
rElec   .          Harm     .   (no cloak)
rCorr   .          Rampage  .   (no gloves)
Will    .....      Clarity  +   (no boots)
Stlth   ..........              (no amulet)
HPRegen 0.11/turn               (no ring)
MPRegen 0.08/turn               (no ring)

@: mighty
A: clarity, mutation resistance 1
a: no special abilities


You were on level 2 of the Dungeon.
You visited 1 branch of the dungeon, and saw 2 of its levels.

You collected 136 gold pieces.

Inventory:

Hand Weapons
 a - a +0 war axe (weapon)
Missiles
 k - a throwing net (quivered)
Armour
 b - a +0 scale mail (worn)
 c - a +0 buckler (worn)
Scrolls
 e - 2 scrolls of identify {unknown}
 i - a scroll of butterflies {unknown}
 l - a scroll of magic mapping {unknown}
Potions
 f - a potion of degeneration {unknown}
 g - a potion of cancellation {unknown}
 h - a potion of curing
 j - a potion of mutation


   Skills:
 + Level 4.0 Fighting
 + Level 3.4 Axes
 + Level 3.6 Armour
 * Level 1.3 Dodging
 + Level 3.5 Shields


You had 2 spell levels left.
You didn't know any spells.
Your spell library contained the following spells:

 Spells                   Type           Power      Damage    Failure   Level
 Necrotise                Necr           0%         1d4       85%         1
 Vampiric Draining        Necr           0%         2d6       99%         3
 Agony                    Necr           0%         N/A       100%        5


Dungeon Overview and Level Annotations

Branches:
Dungeon (2/15)

Altars:

Annotations:
D:2 Sigmund


Innate Abilities, Weirdness & Mutations

You possess an exceptional clarity of mind.
You are somewhat resistant to further mutation.


Message History

You miss the adder.
The adder is moderately wounded.
You hit the endoplasm. The adder misses you. The endoplasm freezes you.
You are frozen.
The adder barely misses you.
You miss the adder.
The adder is lightly wounded.
You hit the endoplasm.
You kill the endoplasm!
The adder barely misses you.
Sigmund hits you from afar with a +3 scythe.
The adder completely misses you.
You feel very mighty all of a sudden. The adder bites you but does no damage.
Sigmund laughs darkly.
Sigmund hits you from afar with a +3 scythe!
Sigmund barely misses you. The adder closely misses you.
You barely miss Sigmund. You slash the adder! The adder bites you.
You are poisoned.
The adder poisons you!
Sigmund points at you and mumbles some strange words.
You are confused.
You hit Sigmund.
Sigmund is lightly wounded.
You barely miss the adder.
You feel sick. The adder bites you.
You are more poisoned.
The adder poisons you! The adder closely misses you.
Sigmund hits you with a +3 scythe.
* * * LOW HITPOINT WARNING * * *
It was a potion of curing.
You feel better. The adder closely misses you.
It was a potion of mutation.
You feel extremely strange.
Your thoughts seem clearer.
You feel genetically stable. You block the adder's attack.
Sigmund hits you with a +3 scythe!
* * * LOW HITPOINT WARNING * * *
The adder bites you but does no damage.
You feel better. The adder barely misses you. You block Sigmund's attack.
You slash the adder!
You kill the adder!
You barely miss Sigmund. Sigmund hits you with a +3 scythe!
You die...

....... .# .....###.#
#...(...## ###..# ...
#......... #..#
....##.......# ###.##
.##..#.......# #...# .#
.........#### #...###.#
#........... ....##..#
#.......##
....##.######..†@@...#
........................
#...##.##..............#
#.....<##.####..#$.#..##
#.........# #.##.## .#
.........## #.# .# ..
.........# #.# .. .
...####### #.# .. ...#
..


You could see Sigmund.

Vanquished Creatures
  3 adders (D:2)
  5 endoplasms
  4 goblins (D:1)
  3 hobgoblins (D:1)
  4 jackals (D:1)
  2 quokkas
  2 ball pythons (D:1)
  2 bats (D:1)
  4 kobolds (D:1)
  4 rats
33 creatures vanquished.

Notes
Turn   | Place    | Note
-------+----------+-------------------------------------------
     0 | D:1      | Dorkslayer the Hill Orc Fighter began the quest for the
                  | Orb.
     0 | D:1      | Reached XP level 1. HP: 19/19 MP: 1/1
    80 | D:1      | Reached XP level 2. HP: 23/27 MP: 2/2
   260 | D:1      | You fall into a shaft and drop 1 floor!
   267 | D:2      | Reached XP level 3. HP: 31/33 MP: 3/3
   276 | D:2      | Reached skill level 4 in Fighting
   376 | D:1      | Found a faded altar of an unknown god.
   973 | D:2      | Reached skill level 1 in Dodging
  1128 | D:2      | Noticed Sigmund
  1139 | D:2      | Gained mutation: You possess an exceptional clarity of
                  | mind. [potion of mutation]
  1139 | D:2      | Gained mutation: You are somewhat resistant to further
                  | mutation. [potion of mutation]
  1141 | D:2      | Slain by Sigmund

Illustrated notes

Levels and vault maps discovered:
D:1:      evilmike_arrival_rings, layout_basic, basic_ecumenical_altar,
          hangedman_decor_growths, minmay_pentomino_p4
D:2:      layout_rooms, basic_altar, uniq_sigmund

Skill      XL: |  1  2  3 |
---------------+----------+-----
Axes           | 3 |  3.4
Fighting       | 4 |  4.0
Dodging        | 1 |  1.3
Armour         | |  3.6
Shields        | |  3.5

Action                   || total
-------------------------++-------
Melee: War axe           ||    97
  Use: Potion            ||     4
Armor: Scale mail        ||    43
Dodge: Dodged            ||    63
Block: Buckler           ||    24
